 Dungeon Crawl Stone Soup version 0.31-a0-986-g5e6e4ef867 (webtiles) character file.

Game seed: 3803497744992641140

16851 Warmann76 the Mimic (level 12, -1/87 (97) HPs)
             Began as a Merfolk Shapeshifter on Nov 11, 2023.
             Was an Initiate of Gozag.
             Slain by a spectral eight-headed hydra (8 damage)
             ... in a Gauntlet.
             The game lasted 00:36:53 (13379 turns).

Warmann76 the Mimic (Merfolk Shapeshifter)         Turns: 13379, Time: 00:36:53

HP:   -1/87 (97)    AC: 10    Str: 24    XL:     12   Next: 41%
MP:   12/12         EV: 18    Int: 10    God:    Gozag
Gold: 269           SH:  0    Dex: 14    Spells: 11/11 levels left

rFire   . .          .
                       - Unarmed
rCold   . . .        g - melded +0 buckler
rNeg    . . .        F - +0 steam dragon scales
rPois   +            (no helmet)
rElec   .            v - +0 cloak
rCorr   .            J - +0 pair of gloves
SInv    .            w - +1 pair of boots
Will    .....        P - amulet of Vitality {RegenMP++ Regen++}
Stlth   +            G - +6 ring of strength
HPRegen 1.94/turn    A - ring of poison resistance
MPRegen 0.93/turn

%: no teleportation
@: mighty, flux-form, gold aura, slowed, glowing, heavily drained, very slow
A: glow, contaminating, (nimble swimmer 2), mertail
a: Begin Untransformation, Renounce Religion, Potion Petition, Call Merchant,
Bribe Branch


You were in a Gauntlet.
You worshipped Gozag.
Gozag was aware of your devotion.
You were something dangerously unstable.
You visited 3 branches of the dungeon, and saw 14 of its levels.
You also visited: Gauntlet.

You collected 1928 gold pieces.
You spent 1539 gold pieces at shops.
You paid 120 gold pieces to Gozag.

Inventory:

Hand Weapons
 K - a +3 halberd of freezing
 L - a +3 trident of draining
 O - the +5 flail of Joffeshri {freeze, *Noise rF+ Stlth+}
   (You found it on level 1 of the Lair of Beasts)

   rF+:       It protects you from fire.
   *Noise:    It may make a loud noise when swung.
   Stlth+:    It makes you more stealthy.
Missiles
 a - 35 poisoned darts
 e - 2 throwing nets
 k - 2 javelins
 B - 3 curare-tipped darts
Armour
 g - a +0 buckler (melded)
 v - a +0 cloak (worn)
 w - a +1 pair of boots (worn)
 z - a scarf of invisibility
 F - +0 steam dragon scales (worn)
 J - a +0 pair of gloves (worn)
Jewellery
 n - a +6 ring of dexterity
 A - a ring of poison resistance (right hand)
 G - a +6 ring of strength (left hand)
 M - a ring of protection from fire
 P - the amulet of Vitality (around neck) {RegenMP++ Regen++}
   (You bought it in a shop on level 5 of the Dungeon)

   [amulet of magic regeneration]

   RegenMP:   It increases your rate of magic regeneration.
   Regen++:   It increases your rate of health regeneration.
Talismans
 c - a beast talisman
 d - a flux talisman (active)
Wands
 x - a wand of flame (51) (quivered)
 I - a wand of charming (8)
Scrolls
 o - 2 scrolls of brand weapon
 p - 5 scrolls of teleportation
 s - a scroll of immolation
 y - a scroll of silence
 E - a scroll of fog
 H - a scroll of enchant weapon
Potions
 b - a potion of lignification
 f - 4 potions of might
 h - a potion of attraction
 i - 2 potions of magic
 j - 4 potions of heal wounds
 l - a potion of mutation {unknown}
 m - 10 potions of curing
 q - a potion of brilliance
 r - a potion of enlightenment {unknown}
 C - 12 potions of ambrosia
 D - 3 potions of degeneration {unknown}
 N - a potion of cancellation {unknown}
Miscellaneous
 t - a condenser vane


   Skills:
 - Level 10.0 Fighting
 - Level 5.0 Armour
 - Level 12.0 Dodging
 - Level 1.5 Stealth
 - Level 0.2 Shields
 + Level 11.3 Unarmed Combat
 * Level 12.3 Shapeshifting


You had 11 spell levels left.
You didn't know any spells.
Your spell library contained the following spells:

 Spells                   Type           Power      Damage    Failure   Level
 Blink                    Tloc           0%         N/A       50%         2
 Cigotuvi's Dreadful Rot  Necr/Pois/Air  0%         N/A       50%         2
 Ensorcelled Hibernation  Hex/Ice        0%         N/A       50%         2
 Passwall                 Tmut/Erth      0%         N/A       50%         2
 Wereblood                Tmut           0%         N/A       50%         2
 Ignite Poison            Fire/Tmut/Pois 0%         N/A       75%         3
 Swiftness                Air            0%         N/A       75%         3
 Volatile Blastmotes      Fire/Tloc      0%         2d10      75%         3
 Fulminant Prism          Conj/Hex       0%         3d5       98%         4
 Iskenderun's Mystic Bla  Conj/Tloc      0%         2d3       98%         4
 Manifold Assault         Tloc           0%         N/A       98%         4
 Freezing Cloud           Conj/Ice/Air   0%         6-21      100%        5
 Irradiate                Conj/Tmut      0%         3d11      100%        5


Dungeon Overview and Level Annotations

Branches:
Dungeon (11/15)            Temple (1/1) D:7            Lair (2/5) D:8
    Orc (0/2) D:9         Gauntlet (1/1)
  Swamp: Lair:2-3    Shoals: Lair:2-3     Snake: Lair:2-3    Spider: Lair:2-3

Altars:
Ashenzari
Cheibriados
Dithmenos
Elyvilon
Fedhas
Gozag
Hepliaklqana
Kikubaaqudgha
Makhleb
Nemelex Xobeh
Okawaru
Qazlal
Ru
Sif Muna
Trog
Uskayaw
Vehumet
Wu Jian
Xom
Yredelemnul
Zin
The Shining One

Shops:
D:3 !   D:5 =   D:8 *

Annotations:
Gauntlet 7 transporters


Innate Abilities, Weirdness & Mutations

You are something dangerously unstable.
You glow with magical radiation, making you easy to see and hit.
Foes you strike become dangerously contaminated with magical radiation.
You are incapable of wielding weapons or throwing items.
((You are very nimble when in or above water. (Stealth+, EV+, Speed+++)))
Your lower body shifts to a powerful aquatic tail in water.


Message History

The spectral cane toad completely misses you.
The spectral seven-headed hydra misses you.
The spectral seven-headed hydra bites you but does no damage.
The spectral seven-headed hydra closely misses you.
The spectral seven-headed hydra bites you but does no damage.
The spectral seven-headed hydra misses you.
The spectral seven-headed hydra closely misses you. x2
The spectral eight-headed hydra closely misses you.
The spectral eight-headed hydra barely misses you. x3
The spectral eight-headed hydra bites you but does no damage.
The spectral eight-headed hydra bites you!
You feel drained.
The spectral eight-headed hydra bites you!
* * * LOW HITPOINT WARNING * * *
You feel drained.
* * * LOW HITPOINT WARNING * * *
The spectral eight-headed hydra bites you!
* * * LOW HITPOINT WARNING * * *
The spectral cane toad closely misses you.
Unknown command.
Okay, then.
You feel much better. The death scarab completely misses you.
The spectral seven-headed hydra closely misses you.
The spectral seven-headed hydra bites you!
You feel drained.
The spectral seven-headed hydra bites you.
You feel drained.
The spectral seven-headed hydra bites you.
You feel drained.
* * * LOW HITPOINT WARNING * * *
The spectral seven-headed hydra closely misses you.
The spectral seven-headed hydra bites you.
* * * LOW HITPOINT WARNING * * *
The spectral seven-headed hydra bites you.
* * * LOW HITPOINT WARNING * * *
The spectral eight-headed hydra bites you.
* * * LOW HITPOINT WARNING * * *
The spectral eight-headed hydra bites you!
You die...
Your body crumbles into a pile of gold.

##≈#≈#≈#≈#≈#≈#§#≈#≈#§#≈#≈
##...§§...............§...
#≈........................
##..###########..#########
#§..#.........#..#........
##..#.........#..#........
#≈..#[.#...#..#..#J.......
##..#.....Z...####J.......
#§..#©..BpZ...#©©#JJ..©... #.
##..#?.P..Z...####J....... #..
#≈..#[.#...#..#..#........
...###..#.........#..#........
#....#..#.........#..#........
#...©#..###########..#########
.....#........................
#....#.∩......................
#...©#..#########..#########..


You could see a spectral eight-headed hydra, a spectral seven-headed hydra, a
spectral cane toad and a death scarab (contam).

Vanquished Creatures
  Erica (Lair:1)
  A death scarab (Gauntlet)
  A two-headed ogre (D:10)
  Pikel (D:9)
  9 elephants
  A torpor snail (Gauntlet)
  A black mamba (Lair:1)
  A cane toad (Lair:1)
  Jeremiah (D:9)
  A rime drake (Lair:1)
  A polar bear (Lair:1)
  A queen bee (Lair:1)
  A troll (D:10)
  A hornet (D:9)
  A shadow (D:9)
  A wraith (D:9)
  4 wyverns
  Eustachio (D:6)
  3 basilisks (D:8)
  2 steam dragons
  9 yaks
  3 wargs (D:9)
  An acid dragon (D:10)
  3 water moccasins
  3 ice beasts
  3 orc warriors
  2 centaurs
  4 lemures (D:9)
  6 kobold brigands
  5 bullfrogs
  2 scorpions
  A gnoll sergeant (D:8)
  20 wights
  32 killer bees
  2 jellies
  11 howler monkeys
  4 hounds
  2 orc priests (D:9)
  A sleepcap (D:5)
  Jessica (D:3)
  A gnoll bouda (D:8)
  15 orc wizards
  5 iguanas
  3 hell rats (Lair:1)
  A mummy (D:5)
  9 gnolls
  4 adders
  6 river rats (Lair:1)
  A shadow imp (D:7)
  3 white imps
  2 ufetubi (D:6)
  A worm (D:3)
  4 dart slugs
  30 orcs
  7 ball pythons
  4 endoplasms
  4 goblins
  7 hobgoblins
  5 jackals
  30 kobolds
  6 quokkas
  9 bats
  3 frilled lizards
  3 hobgoblin zombies (D:5)
  A kobold zombie (D:5)
  12 rats
325 creatures vanquished.

Notes
Turn   | Place    | Note
-------+----------+-------------------------------------------
     0 | D:1      | Warmann76 the Merfolk Shapeshifter began the quest for the
                  | Orb.
     0 | D:1      | Reached XP level 1. HP: 15/15 MP: 1/1
   276 | D:1      | Reached XP level 2. HP: 20/21 MP: 2/2
   848 | D:1      | Reached XP level 3. HP: 20/26 MP: 3/3
  1541 | D:2      | Reached XP level 4. HP: 32/32 MP: 4/4
  1773 | D:3      | Found a faded altar of an unknown god.
  1790 | D:3      | You fall into a shaft and drop 2 floors!
  1790 | D:5      | Entered Level 5 of the Dungeon
  1846 | D:5      | Reached skill level 5 in Unarmed Combat
  1898 | D:5      | Reached skill level 1 in Stealth
  1898 | D:5      | Reached XP level 5. HP: 34/37 MP: 5/5
  2109 | D:3      | Found Zeucvoni's Distillery.
  2122 | D:3      | Bought a potion of curing for 39 gold pieces
  2512 | D:3      | Noticed Jessica
  2516 | D:3      | Killed Jessica
  2969 | D:4      | Reached skill level 5 in Shapeshifting
  3043 | D:4      | Reached XP level 6. HP: 12/43 MP: 6/6
  3435 | D:4      | Noticed an ice beast
  3473 | D:4      | Killed an ice beast
  3474 | D:4      | Reached XP level 7. HP: 36/50 MP: 7/7
  4152 | D:5      | Found Wosidghuth's Jewellery Boutique.
  4566 | D:5      | Found a shadowy altar of Dithmenos.
  5011 | D:6      | Noticed a yak
  5011 | D:6      | Noticed a yak
  5012 | D:6      | Noticed a yak
  5012 | D:6      | Noticed a yak
  5092 | D:6      | Found a hazy altar of Hepliaklqana.
  5122 | D:6      | Found an iron altar of Okawaru.
  5292 | D:6      | Noticed Eustachio
  5312 | D:6      | Killed Eustachio
  5313 | D:6      | Reached XP level 8. HP: 47/61 MP: 8/8
  5515 | D:6      | Reached skill level 5 in Fighting
  6058 | D:7      | Found an ancient bone altar of Kikubaaqudgha.
  6144 | D:7      | Reached XP level 9. HP: 43/71 MP: 9/9
  6437 | D:7      | Found a shimmering blue altar of Sif Muna.
  6486 | D:7      | Found a staircase to the Ecumenical Temple.
  6492 | Temple   | Entered the Ecumenical Temple
  7397 | D:8      | Reached skill level 5 in Dodging
  7813 | D:8      | Reached XP level 10. HP: 80/83 MP: 10/10
  7847 | D:8      | Found a staircase to the Lair.
  8263 | D:8      | Found an opulent altar of Gozag.
  8269 | D:8      | Found Gozag's Platinum Reserve.
  8286 | D:8      | Became a worshipper of Gozag Ym Sagoz the Greedy
  8756 | D:9      | Noticed Jeremiah
  8830 | D:9      | Killed Jeremiah
  9009 | D:9      | Reached skill level 10 in Fighting
  9605 | D:9      | Reached skill level 10 in Dodging
  9656 | D:9      | Noticed Pikel
  9754 | D:9      | Killed Pikel
  9966 | D:9      | Found a staircase to the Orcish Mines.
  9974 | D:9      | Reached XP level 11. HP: 89/90 MP: 11/11
  9981 | D:9      | Reached skill level 10 in Unarmed Combat
 10055 | D:10     | Entered Level 10 of the Dungeon
 10196 | D:10     | Found a glowing silver altar of Zin.
 10196 | D:10     | Found a broken altar of Ashenzari.
 10384 | D:10     | Reached skill level 1 in Armour
 10521 | D:10     | Noticed a two-headed ogre
 10530 | D:10     | Killed a two-headed ogre
 11287 | D:11     | Noticed a cyclops
 11431 | Lair:1   | Identified the "Ripnumisk"
 11431 | Lair:1   | Entered Level 1 of the Lair of Beasts
 11741 | Lair:1   | Reached skill level 10 in Shapeshifting
 12274 | Lair:1   | Identified the +5 flail of Joffeshri {freeze, *Noise rF+
                  | Stlth+}
 12431 | Lair:1   | Noticed Erica
 12440 | Lair:1   | Killed Erica
 12750 | D:5      | Bought the amulet of Vitality {RegenMP++ Regen++} for 1500
                  | gold pieces
 12750 | D:5      | Found the amulet of Vitality {RegenMP++ Regen++}
 12886 | Gauntlet | Identified the of Piutum
 12985 | Lair:2   | Reached XP level 12. HP: 96/97 MP: 12/12
 13093 | Lair:2   | Found a gate leading to a gauntlet.
 13098 | Lair:2   | Noticed a death yak
 13098 | Lair:2   | Noticed a death yak
 13100 | Gauntlet | Entered a Gauntlet
 13100 | Gauntlet | Found a transporter.
 13100 | Gauntlet | Found a transporter.
 13102 | Gauntlet | Noticed a catoblepas
 13112 | Gauntlet | Found a transporter.
 13115 | Gauntlet | Found a transporter.
 13117 | Gauntlet | Noticed a tengu warrior
 13124 | Gauntlet | Found a transporter.
 13126 | Gauntlet | Found a transporter.
 13129 | Gauntlet | Noticed a reaper
 13134 | Gauntlet | Found a transporter.
 13148 | Gauntlet | Noticed a death scarab
 13148 | Gauntlet | Noticed a death scarab
 13152 | Gauntlet | Found a transporter.
 13169 | Gauntlet | Found a transporter.
 13172 | Gauntlet | Found a transporter.
 13182 | Gauntlet | Found a transporter.
 13185 | Gauntlet | Found a transporter.
 13341 | Gauntlet | Reached skill level 5 in Armour
 13377 | Gauntlet | Killed a death scarab
 13379 | Gauntlet | Slain by a spectral eight-headed hydra

Illustrated notes

Levels and vault maps discovered:
D:1:      amcnicky_arrival_double_pillar, layout_basic
D:2:      minmay_spotlight, layout_loops_cross, dreamdust_mushroom_princess,
          bh_walls_and_bars
D:3:      layout_loops_ring, nicolae_ecumenical_oubliette, serial_shops,
          nicolae_shop_gibbet_a_chance, kennysheep_jessica_study
D:4:      layout_loops_corners, supply_closet_lemuel
D:5:      layout_basic, nicolae_dithmenos_through_a_glass_darkly, serial_shops,
          nicolae_shop_window_shopping, minmay_mini_ossuary
D:6:      layout_basic, mainiacjoe_overflow_alcove_4, lemuel_doored_altar,
          uniq_eustachio
D:7:      layout_gridville, led_sif_pool, kiku_gazebo_pond_becter,
          minmay_temple_entry_fiery
D:8:      layout_cave_pools, nicolae_gozag_zags_fifth_avenue, erik_lair_dragon
D:9:      layout_basic, minmay_orc_entry_guard_dogs, uniq_jeremiah, uniq_pikel
D:10:     layout_stronghold, jmf_multi_god_temple
D:11:     minmay_diamond_stairs, layout_cave_pools, hellmonk_ghost_big_iron
Temple:   nicolae_temple_great_sept
Lair:1:   dreamdust_isle_of_ice, layout_cave_pods, special_room
          [special_room_bee], kennysheep_abandoned_house, uniq_erica
Lair:2:   layout_regular_city, mainiacjoe_shoals_entry_four_pools,
          gauntlet_entry_generic, serial_bayou_shore_a
Gauntlet: minmay_gauntlet_mixed_big_or_small [gammafunk_gauntlet_arena_chambers,
          minmay_gauntlet_arena_77_museum, gammafunk_gauntlet_arena_open,
          minmay_gauntlet_arena_77_checkered, gammafunk_gauntlet_arena_hedges,
          minmay_gauntlet_arena_77_braids, gauntlet_exit_green]

Skill      XL: |  1  2  3  4  5  6  7  8  9 10 11 12 |
---------------+-------------------------------------+-----
Unarmed Combat | 4 5 6 7 8 9 10 11 | 11.3
Dodging        | 3 7 11 12 | 12.0
Stealth        | 1 |  1.5
Shapeshifting  | 5 7 8 9 11 12 | 12.3
Fighting       | 2 4 6 9 10 | 10.0
Armour         | 4 5 |  5.0
Shields        | |  0.2

Action                     |  1- 3 |  4- 6 |  7- 9 | 10-12 || total
---------------------------+-------+-------+-------+-------++-------
  Melee: Unarmed           |   100 |   108 |   383 |   537 ||  1128
         Punch             |     1 |       |       |       ||     1
  Evoke: Wand              |       |     6 |     6 |     5 ||    17
    Use: Scroll            |       |     3 |     8 |     5 ||    16
         Potion            |       |     1 |     5 |     6 ||    12
   Stab: Sleeping          |     2 |    10 |       |       ||    12
         Distracted        |       |     1 |       |     2 ||     3
 Armour: Leather armour    |    36 |    40 |   103 |       ||   179
         Animal skin       |     1 |       |       |       ||     1
         Steam dragon scal |       |       |   119 |   271 ||   390
         Skin              |       |       |     9 |     7 ||    16
  Dodge: Dodged            |    64 |    46 |   245 |   413 ||   768
  Block: Buckler           |     6 |    15 |     1 |     2 ||    24
   Form: Flux              |       |       |     1 |       ||     1

Table legend: (Time is in decaauts)
 A = Elapsed time spent in this place.
 B = Non-inter-level travel time spent in this place.
 C = Inter-level travel time spent in this place.
 D = Time resting spent in this place.
 E = Time spent auto-exploring this place.
 F = Levels seen in this place.
 G = Mean time per level.
                   A        B        C        D        E       F      G
               +--------+--------+--------+--------+--------+-----+--------+
         Total |  13234 |  12339 |    895 |   1838 |   6685 |  15 |  882.3 |
       Dungeon |  11563 |  10762 |    801 |   1785 |   6202 |  11 | 1051.2 |
        Temple |      9 |      9 |      0 |      0 |      0 |   1 |    9.0 |
          Lair |   1379 |   1285 |     94 |     53 |    359 |   2 |  689.5 |
      Gauntlet |    281 |    281 |      0 |      0 |    124 |   1 |  281.0 |
               +--------+--------+--------+--------+--------+-----+--------+

Top non-repeatable levels by time:
     D:9: 1567 daAuts
     D:8: 1399 daAuts
     D:6: 1361 daAuts
    D:10: 1260 daAuts
     D:5: 1248 daAuts
  Lair:1: 1174 daAuts
     D:4: 1166 daAuts
     D:1: 995 daAuts
     D:7: 994 daAuts
     D:3: 791 daAuts
     D:2: 772 daAuts
Gauntlet: 281 daAuts
  Lair:2: 204 daAuts
  Temple: 9 daAuts
    D:11: 5 daAuts
